 Dungeon Crawl Stone Soup version 0.20.0 (webtiles) character file.

186 Danakh the Slasher (level 5, -4/32 HPs)
             Began as a Tengu Warper on May 31, 2017.
             Slain by an ogre
             ... wielding a +0 giant spiked club
              (9 damage)
             ... on level 4 of the Dungeon.
             The game lasted 00:13:29 (4055 turns).

Danakh the Slasher (Tengu Warper)                   Turns: 4055, Time: 00:13:30

Health: -4/32      AC:  4    Str: 11    XL:     5   Next: 66%
Magic:  9/9        EV: 13    Int: 14    God:    Xom [..*...]
Gold:   160        SH:  0    Dex: 14    Spells: 4/8 levels left

rFire    . . .     SeeInvis .   a - +0 falchion
rCold    . . .     Gourm    .   (no shield)
rNeg     . . .     Faith    .   b - +0 leather armour
rPois    .         Spirit   .   (helmet restricted)
rElec    .         Reflect  .   (no cloak)
rCorr    .         Harm     .   s - +0 pair of gloves
MR       .....                  (boots unavailable)
Stlth    +.........             (no amulet)
Regen    0.1/turn               (no ring)
MPRegen  0.2/turn               (no ring)

@: very slightly contaminated, invisible
A: beak, talons 3, able to fly 1
a: Fly, Renounce Religion


You were on level 4 of the Dungeon.
You worshipped Xom.
You were a toy of Xom.
You were not hungry.

You visited 1 branch of the dungeon, and saw 4 of its levels.

You collected 160 gold pieces.

Inventory:

Hand Weapons
 a - a +0 falchion (weapon)
Missiles
 e - 5 tomahawks of dispersal (quivered)
 n - 6 tomahawks
Armour
 b - a +0 leather armour (worn)
 s - a +0 pair of gloves (worn)
Scrolls
 d - 2 scrolls of blinking
 g - 3 scrolls of random uselessness {unknown}
 h - 7 scrolls of identify {unknown}
 i - 2 scrolls of amnesia {unknown}
 j - a scroll of noise {unknown}
 k - a scroll of teleportation {unknown}
 l - a scroll of immolation {unknown}
 v - a scroll of enchant weapon {unknown}
 w - a scroll of fog {unknown}
 x - a scroll of remove curse {unknown}
Potions
 m - a potion of mutation {unknown}
 o - a potion of magic {unknown}
 p - a potion of agility {unknown}
 q - 2 potions of curing
 r - a potion of resistance {unknown}
 t - a potion of might
 u - a potion of haste {unknown}
 z - a potion of degeneration {unknown}
Books
 c - a book of Spatial Translocations

   Spells                             Type                      Level
   a - Blink                          Translocation                2
   b - Shroud of Golubria             Charms/Translocation         2
   c - Lesser Beckoning               Translocation                3
   d - Gell's Gravitas                Translocation                3
   e - Teleport Other                 Translocation                3
   f - Passage of Golubria            Translocation                4


   Skills:
 + Level 3.0 Fighting
 * Level 4.1 Long Blades
 - Level 1.0 Throwing
 + Level 3.0 Armour
 + Level 3.2 Dodging
 - Level 2.0 Spellcasting
 - Level 2.4 Translocations


You had 4 spell levels left.
You knew the following spells:

 Your Spells              Type           Power        Failure   Level  Hunger
b - Blink                 Tloc           N/A          17%         2    ###....
e - Shroud of Golubria    Chrm/Tloc      #.........   28%         2    ###....


Dungeon Overview and Level Annotations

Branches:
Dungeon (4/15)
 Temple: D:4-7

Altars:
Hepliaklqana
Xom


Innate Abilities, Weirdness & Mutations

You have a beak for a mouth.
You have claws for feet.
You can fly.


Message History

There is a stone staircase leading up, spattered with blood here.
You barely miss the ogre. Your kick misses the ogre. You peck the ogre.
The ogre is lightly wounded.
The ogre hits you with a giant spiked club!
* * * LOW HITPOINT WARNING * * *
Xom almost notices you.
You smell something strange.
There is a stone staircase leading up, spattered with blood here. "Go forth and destroy!"
You fade into invisibility!
You are very lightly contaminated with residual magic.
You completely miss the ogre. Your peck misses the ogre.
The ogre is lightly wounded.
The ogre barely misses you.
You catch the helpless ogre completely off-guard!
You hit the ogre. You claw the ogre. You peck the ogre, but do no damage.
The ogre is heavily wounded.
The ogre hits you with a giant spiked club!
You die...
Xom cackles wildly!

###..###.# ∆...#
#..##..###. ..#
##..##.##.. ..#
#.......#.# ∆
#.###..(#.#
#.##..#...# .
#........###.#
###..##......#
####<###@..#.
#......O.#....#
>....##.#####.#..#
#### #.# . ... #.#
# #.# #.# ... ##


You could see an ogre.

Vanquished Creatures
  An iguana (D:4)
  4 adders
  3 oozes
  A worm (D:2)
  3 dart slugs
  3 leopard geckos
  3 orcs (D:4)
  4 giant cockroaches
  5 hobgoblins
  11 jackals
  20 kobolds
  A quokka (D:3)
  3 ball pythons
  8 bats
  9 frilled lizards
  7 goblins
  14 rats
100 creatures vanquished.

Notes
Turn   | Place    | Note
-------+----------+-------------------------------------------
     0 | D:1      | Danakh the Tengu Warper began the quest for the Orb.
     0 | D:1      | Reached XP level 1. HP: 12/12 MP: 4/4
   326 | D:1      | Reached XP level 2. HP: 17/17 MP: 6/6
   330 | D:1      | Learned a level 2 spell: Blink
   501 | D:1      | Reached XP level 3. HP: 3/21 MP: 7/7
   835 | D:1      | Reached skill level 3 in Long Blades
  1443 | D:2      | Learned a level 2 spell: Shroud of Golubria
  1536 | D:2      | Found a faded altar of an unknown god.
  1540 | D:2      | Became a worshipper of Xom of Chaos
  1543 | D:2      | Reached XP level 4. HP: 23/27 MP: 8/8
  1566 | D:2      | XOM: silly message
  1756 | D:2      | XOM: smoke on damage
  1816 | D:1      | XOM is BORED!
  1816 | D:1      | XOM: harmless Necr miscast
  1969 | D:2      | XOM: divination: detect creatures
  1994 | D:2      | XOM: divination: detect items
  2439 | D:3      | Found a hazy altar of Hepliaklqana.
  2468 | D:3      | XOM: silly message
  2772 | D:3      | Gained mutation: You can fly. [Tengu growth]
  2772 | D:3      | Reached XP level 5. HP: 23/31 MP: 9/9
  3082 | D:4      | Reached skill level 4 in Long Blades
  3093 | D:4      | XOM: smoke on damage
  3158 | D:4      | Noticed an ogre
  3446 | D:4      | XOM: cast spell 'Summon Butterflies'
  3460 | D:4      | XOM: divination: detect items
  3739 | D:4      | XOM: potion effect (haste)
  3793 | D:3      | XOM: harmless Hex miscast
  4037 | D:4      | XOM: harmless Tmut miscast
  4052 | D:4      | XOM: potion effect (invisibility)
  4055 | D:4      | Slain by an ogre

Skill      XL: |  1  2  3  4  5 |
---------------+----------------+-----
Long Blades    | 3 4 |  4.1
Armour         | 2 3 |  3.0
Dodging        | 3 |  3.2
Fighting       | 3 |  3.0
Throwing       | |  1.0
Spellcasting   | |  2.0
Translocations | |  2.4

Action                   |  1- 3 |  4- 6 || total
-------------------------+-------+-------++-------
Melee: Falchion          |   102 |   152 ||   254
       Kick              |    26 |    36 ||    62
       Peck              |    14 |    27 ||    41
 Stab: Sleeping          |       |     1 ||     1
       Invisible         |       |     1 ||     1
  Eat: Chunk             |     2 |     5 ||     7
       Bread ration      |       |     1 ||     1
Armor: Leather armour    |    19 |    37 ||    56
Dodge: Dodged            |    68 |   108 ||   176
       Rpst.: Falchion   |    25 |    38 ||    63
